 Dungeon Crawl Stone Soup version 0.30.0-5-g1a98f26d00 (webtiles) character file.

Game seed: 622515889700600559

443 jasper the Spear-Bearer (level 7, -2/52 HPs)
             Began as a Merfolk Cinder Acolyte on May 8, 2023.
             Was an Elder of Ignis.
             Slain by Pikel
             ... wielding a +1 whip of electrocution
              (4 damage)
             ... on level 5 of the Dungeon.
             The game lasted 00:05:39 (3632 turns).

jasper the Spear-Bearer (Merfolk Cinder Acolyte)    Turns: 3632, Time: 00:05:40

Health: -2/52      AC: 21    Str: 18    XL:     7   Next: 2%
Magic:  8/8        EV:  7    Int: 13    God:    Ignis [****..]
Gold:   18         SH:  0    Dex: 12    Spells: 8/8 levels left

rFire   + . .        a - -1 spear (flame)
rCold   + + .        (no shield)
rNeg    . . .        q - +2 chain mail {Will+}
rPois   .            h - +0 helmet
rElec   .            v - +0 cloak
rCorr   .            (no gloves)
SInv    .            C - +1 pair of boots of the Valley of Death {rC++ Str+4}
Will    +....        (no amulet) Stlth
                     (no ring)
HPRegen 0.28/turn    (no ring)
MPRegen 0.11/turn

%: no passive effects
@: fiery-armoured
A: (nimble swimmer 2), mertail
a: Renounce Religion, Fiery Armour, Foxfire Swarm, Rising Flame


You were on level 5 of the Dungeon.
You worshipped Ignis.
Ignis was greatly pleased with you.
You visited 1 branch of the dungeon, and saw 5 of its levels.

You collected 246 gold pieces.
You spent 228 gold pieces at shops.

Inventory:

Hand Weapons
 a - a -1 spear of flaming (weapon)
Missiles
 d - 75 stones (quivered)
 s - 3 javelins
 t - 4 poisoned darts
Armour
 b - a +0 robe
 h - a +0 helmet (worn)
 j - a +0 scale mail
 q - a +2 chain mail of willpower (worn)
 v - a +0 cloak (worn)
 C - the +1 pair of boots of the Valley of Death (worn) {rC++ Str+4}
   (You bought it in a shop on level 4 of the Dungeon)

   Str:       It affects your strength (+4).
   rC:        It greatly protects you from cold.
Wands
 B - a wand of charming (4)
Scrolls
 c - 2 scrolls of poison {unknown}
 e - a scroll of amnesia {unknown}
 f - a scroll of fog {unknown}
 g - a scroll of enchant armour {unknown}
 i - 4 scrolls of identify {unknown}
 l - 3 scrolls of fear {unknown}
 m - 3 scrolls of vulnerability {unknown}
 r - a scroll of magic mapping {unknown}
 u - 5 scrolls of teleportation {unknown}
 y - a scroll of enchant weapon {unknown}
Potions
 k - 2 potions of might {unknown}
 n - 2 potions of curing {unknown}
 o - 3 potions of heal wounds {unknown}
 p - a potion of lignification {unknown}
 w - a potion of flight {unknown}
 x - a potion of berserk rage {unknown}
 z - 2 potions of mutation {unknown}
 A - a potion of attraction {unknown}


   Skills:
 - Level 3.2 Fighting
 + Level 10.1 Polearms
 - Level 1.0 Spellcasting
 - Level 2.1 Fire Magic


You had 8 spell levels left.
You didn't know any spells.
Your spell library contained the following spells:

 Spells                   Type           Power      Damage    Failure   Level
 Scorch                   Fire           12%        2d5       88%         2
 Freeze                   Ice            0%         1d3       97%         1
 Shock                    Conj/Air       0%         1d3       97%         1
 Summon Small Mammal      Summ           0%         N/A       97%         1
 Call Canine Familiar     Summ           0%         N/A       100%        3
 Frozen Ramparts          Ice            0%         1d1       100%        3
 Hailstorm                Conj/Ice       0%         3d3       100%        3
 Summon Guardian Golem    Hex/Summ       0%         N/A       100%        3
 Swiftness                Air            0%         N/A       100%        3
 Airstrike                Air            0%         2d(0-16)  100%        4


Dungeon Overview and Level Annotations

Branches:
Dungeon (5/15)
 Temple: D:4-7

Altars:
Hepliaklqana
Kikubaaqudgha

Shops:
D:1 !   D:4 [

Annotations:
D:5 Pikel


Innate Abilities, Weirdness & Mutations

((You are very nimble when in or above water. (Stealth+, EV+, Speed+++)))
Your lower body shifts to a powerful aquatic tail in water.


Message History

Pikel scowls and wipes his hands on his robe.
Pikel hits you with a +1 whip of electrocution!
You take 7 damage, and have 19/52 hp.
You barely miss Pikel.
Pikel is heavily wounded.
You hit Pikel but do no damage.
Pikel is heavily wounded.
The lemure looks more healthy.
Pikel says, "I'm sure the Orcish Mines are around here somewhere..."
Pikel hits you but does no damage.
Pikel is burned by your cloak of flames.
Pikel is heavily wounded.
You closely miss Pikel.
Pikel is heavily wounded.
Pikel says, "You'll feel the lick of my whip!"
Pikel hits you but does no damage.
You are electrocuted!!
* * * LOW HITPOINT WARNING * * *
Pikel is burned by your cloak of flames.
Pikel is heavily wounded.
You take 19 damage, and have 1/52 hp.
MASSIVE DAMAGE!!
You hit Pikel. You burn Pikel.
Pikel is severely wounded.
You barely miss Pikel.
Pikel is severely wounded.
Pikel says, "You'll make a fine lemure."
Pikel hits you but does no damage.
You hit Pikel but do no damage.
Pikel is severely wounded.
You barely miss Pikel.
Pikel is severely wounded.
Pikel hits you but does no damage.
You hit Pikel. You burn Pikel.
Pikel is severely wounded.
You hit Pikel but do no damage.
Pikel is severely wounded.
Pikel barely misses you.
You closely miss Pikel.
Pikel is severely wounded.
Pikel hits you with a +1 whip of electrocution.
You die...

##.# ## #..###. .
##..... .# ..... ... #
#... ... #. #..# ..
.##..##..######.##...
.........(.5K@.......
.##...#..######.##...
..K...#..##.###.##...#.
.. .................
...#.#..#
.5....#..........
...........#
.##..............
...#.#......
...........###.#
#...........
###..#.....# #.#
#......# #.#
#..#.....###.###......#
#.#


You could see Pikel and a lemure.

Vanquished Creatures
  3 lemures (D:5)
  Blork the orc (D:4)
  A kobold brigand (D:4)
  A hound (D:5)
  A gnoll bouda (D:4)
  Terence (D:2)
  Robin (D:3)
  7 gnolls
  3 adders
  A worm (D:2)
  2 dart slugs
  6 orcs
  9 ball pythons
  8 bats
  8 endoplasms
  3 giant cockroaches (D:1)
  14 hobgoblins
  4 jackals
  8 kobolds
  2 quokkas (D:1)
  2 frilled lizards (D:2)
  16 goblins
  6 rats
108 creatures vanquished.

Notes
Turn   | Place    | Note
-------+----------+-------------------------------------------
     0 | D:1      | jasper the Merfolk Cinder Acolyte began the quest for the
                  | Orb.
     0 | D:1      | Reached XP level 1. HP: 18/18 MP: 2/2
   196 | D:1      | Reached XP level 2. HP: 23/24 MP: 3/3
   248 | D:1      | Reached skill level 5 in Polearms
   248 | D:1      | Found a faded altar of an unknown god.
   505 | D:1      | Reached XP level 3. HP: 29/29 MP: 4/4
   806 | D:1      | Found Himeeg's Distillery.
  1187 | D:2      | Reached skill level 6 in Polearms
  1212 | D:2      | Found an ancient bone altar of Kikubaaqudgha.
  1404 | D:2      | Reached XP level 4. HP: 33/35 MP: 5/5
  1684 | D:2      | Noticed Terence
  1698 | D:2      | Killed Terence
  1699 | D:2      | Reached skill level 7 in Polearms
  2023 | D:3      | Noticed Robin
  2089 | D:3      | Reached XP level 5. HP: 41/41 MP: 6/6
  2109 | D:3      | Killed Robin
  2266 | D:3      | Reached skill level 8 in Polearms
  2951 | D:4      | Noticed Blork the orc
  2966 | D:4      | Reached XP level 6. HP: 40/47 MP: 7/7
  2975 | D:4      | Killed Blork the orc
  2976 | D:4      | Reached skill level 9 in Polearms
  3358 | D:4      | Found a hazy altar of Hepliaklqana.
  3359 | D:4      | Found a faded altar of an unknown god.
  3397 | D:4      | Found Ufforaif's Antique Armour Emporium.
  3400 | D:4      | Bought a pair of slimy boots for 228 gold pieces
  3400 | D:4      | Identified the +1 pair of boots of the Valley of Death
                  | {rC++ Str+4} (You bought it in a shop on level 4 of the
                  | Dungeon)
  3414 | D:5      | Entered Level 5 of the Dungeon
  3569 | D:5      | Noticed Pikel
  3614 | D:5      | Reached skill level 10 in Polearms
  3614 | D:5      | Reached XP level 7. HP: 45/52 MP: 8/8
  3625 | D:5      | HP: 1/52 [Pikel/+1 whip of electrocution (19)]
  3632 | D:5      | Slain by Pikel

Illustrated notes

Levels and vault maps discovered:
D:1:      minmay_arrival_open_corners, layout_loops_cross, serial_shops,
          nicolae_shop_pleasant_corner_grove, serial_rivers,
          chequers_serial_rivers_room_b, chequers_serial_rivers_small_a,
          chequers_serial_rivers_micro_c, chequers_serial_rivers_micro_e,
          nicolae_ecumenical_snake_handling
D:2:      layout_basic, basic_altar, grunt_decor_junction,
          kennysheep_generic_room_9, uniq_terence
D:3:      corexii_shack_village, layout_loops_ring, nicolae_titane, uniq_robin
D:4:      layout_cave_pools, beargit_hepliaklqana_dungeon_heroes, serial_shops,
          kennysheep_mini, uniq_blork_the_orc
D:5:      layout_basic, uniq_pikel

Skill      XL: |  1  2  3  4  5  6 |
---------------+-------------------+-----
Polearms       | 5 6 7 8 10 | 10.1
Fighting       | |  3.2
Spellcasting   | |  1.0
Fire Magic     | |  2.1

Action                     |  1- 3 |  4- 6 |  7- 9 || total
---------------------------+-------+-------+-------++-------
  Melee: Spear             |   157 |   245 |    18 ||   420
         Tailslap          |     1 |       |       ||     1
         Punch             |     1 |     2 |     1 ||     4
  Throw: Stone             |     2 |     1 |       ||     3
         Dart              |       |       |     1 ||     1
 Invoke: Fiery Armour      |       |     4 |       ||     4
   Stab: Sleeping          |     1 |       |       ||     1
 Armour: Robe              |    12 |       |       ||    12
         Scale mail        |    30 |     7 |       ||    37
         Chain mail        |       |   105 |     6 ||   111
  Dodge: Dodged            |    54 |    59 |     2 ||   115
